 Dungeon Crawl Stone Soup version 0.28-a0-1594-ga885d4b3d6 (webtiles) character file.

Game seed: 15463239609055390366

996 issech the Cudgeller (level 7, -1/67 HPs)
             Began as a Troll Fighter on Jan 20, 2022.
             Was an Initiate of Okawaru.
             Succumbed to Hubris850's ghost's poison
             ... on level 4 of the Dungeon.
             The game lasted 00:25:07 (5070 turns).

issech the Cudgeller (Troll Fighter)                Turns: 5070, Time: 00:25:07

Health: -1/67      AC: 12    Str: 25    XL:     7   Next: 99%
Magic:  6/6        EV:  9    Int: 10    God:    Okawaru [......]
Gold:   174        SH:  8    Dex: 11    Spells: 6/6 levels left

rFire   . . .      SeeInvis .   v - +2 dagger (speed)
rCold   . . .      Faith    .   c - +0 kite shield
rNeg    . . .      Spirit   .   b - +0 robe
rPois   .          Reflect  .   H - +1 hat
rElec   .          Harm     .   u - +2 cloak
rCorr   .          Rampage  .   (gloves unavailable)
Will    .....                   (boots unavailable)
Stlth   +.........              (no amulet)
HPRegen 1.01/turn               z - +6 ring of intelligence
MPRegen 0.10/turn               A - +4 ring of protection

@: mighty, lethally poisoned (-1 -> -6)
A: large, unfitting armour, claws 3, regeneration 1, shaggy fur 1, tough skin 1
a: Renounce Religion


You were on level 4 of the Dungeon.
You worshipped Okawaru.
Okawaru was noncommittal.
You visited 1 branch of the dungeon, and saw 5 of its levels.

You collected 174 gold pieces.

Inventory:

Hand Weapons
 a - a +0 flail
 g - a +0 mace
 j - a +2 dagger of speed
 m - a +0 falchion
 q - a +0 mace
 t - a +3 quarterstaff of chaos
 v - a +2 dagger of speed (weapon)
 B - a +0 giant spiked club
 G - a +0 long sword
Missiles
 k - 80 sling bullets
 n - 120 stones
 p - 37 bolts
 y - 35 arrows
 D - 7 poisoned darts
 E - 2 boomerangs (quivered)
Armour
 b - a +0 robe (worn)
 c - a +0 kite shield (worn)
 u - a +2 cloak (worn)
 H - a +1 hat (worn)
Jewellery
 z - a +6 ring of intelligence (left claw)
 A - a +4 ring of protection (right claw)
 F - a ring of protection from fire
Wands
 w - a wand of acid (6)
Scrolls
 e - 2 scrolls of fog
 x - a scroll of holy word
 C - a scroll of fear
 I - a scroll of summoning {unknown}
Potions
 d - 2 potions of might
 f - 3 potions of heal wounds
 h - 2 potions of curing
 i - 2 potions of brilliance
 l - 2 potions of lignification
 o - 2 potions of ambrosia
 r - a potion of attraction
 s - a potion of haste {unknown}


   Skills:
 + Level 3.6 Fighting
 + Level 5.1 Maces & Flails
 + Level 1.3 Throwing
 + Level 4.4 Dodging
 + Level 0.5 Stealth
 + Level 4.3 Shields


You had 6 spell levels left.
You didn't know any spells.
Your spell library contained the following spells:

 Spells                   Type           Power      Damage    Failure   Level
 Sublimation of Blood     Necr           0%         N/A       78%         2
 Wereblood                Tmut           0%         N/A       78%         2
 Gell's Gravitas          Tloc           0%         N/A       95%         3
 Teleport Other           Tloc           0%         N/A       95%         3
 Petrify                  Tmut/Erth      0%         N/A       100%        4
 Metabolic Englaciation   Hex/Ice        0%         N/A       100%        5
 Dispersal                Tloc           0%         N/A       100%        6
 Statue Form              Tmut/Erth      0%         N/A       100%        6
 Summon Hydra             Summ           Unusable   N/A       N/A         7

Dungeon Overview and Level Annotations

Branches:
Dungeon (5/15)
 Temple: D:4-7

Altars:
Cheibriados
Makhleb
Okawaru
Uskayaw
The Shining One
Beogh

Shops:
D:4 :   D:5 [

Annotations:
D:4 Hubris850's ghost, novice MiHu


Innate Abilities, Weirdness & Mutations

You are too large for most types of armour.
You have claws for hands.
Your natural rate of healing is unusually fast.
You are covered in fur. (AC +1)
You have tough skin. (AC +1)


Message History

Hubris850's ghost hits you but does no damage.
You are more poisoned.
You miss Hubris850's ghost.
Hubris850's ghost is lightly damaged.
You feel very sick. Hubris850's ghost misses you.
You completely miss Hubris850's ghost.
Hubris850's ghost is lightly damaged.
You feel very sick. Hubris850's ghost barely misses you.
You closely miss Hubris850's ghost.
Hubris850's ghost is lightly damaged.
You feel sick.
Hubris850's ghost hits you but does no damage.
You are more poisoned.
You closely miss Hubris850's ghost.
Hubris850's ghost is lightly damaged.
You feel very sick. Hubris850's ghost hits you.
* * * LOW HITPOINT WARNING * * *
You miss Hubris850's ghost.
Hubris850's ghost is lightly damaged.
You feel very sick.
Hubris850's ghost hits you but does no damage.
You are more poisoned.
You closely miss Hubris850's ghost.
Hubris850's ghost is lightly damaged.
You feel very sick.
You completely miss Hubris850's ghost.
Hubris850's ghost is lightly damaged.
You feel very sick.
Hubris850's ghost hits you but does no damage.
You are lethally poisoned!
* * * LOW HITPOINT WARNING * * *
You feel very sick.
* * * LOW HITPOINT WARNING * * *
You feel very sick.
* * * LOW HITPOINT WARNING * * *
You feel very sick.
You die...

#####).###...###..# ##.###....#
.....### ###..#..## #..# ###..#
.##.## ##....# ##.## #..## #...#
##...# ##..# ##.... ##..##
#...###...# ##..... #...#
#....#...## ##...... #...##
#........# ##....... ##...##
##.......###.......#
#.#..#######..@......#.........
#.#............................
##.............W...............#
##...###..........##............#
.#..###...........##...........##
#..###.....#......##.............
##.##.....###................#...
#.#...........................##
##...............................


You could see Hubris850's ghost.

Vanquished Creatures
  Menkaure (D:5)
  An orc warrior (D:4)
  An ogre (D:4)
  2 scorpions
  A howler monkey (D:5)
  A crimson imp (D:4)
  A bullfrog zombie (D:5)
  3 hounds
  Crazy Yiuf (D:2)
  An iron imp (D:5)
  Jessica (D:2)
  3 orc wizards
  A howler monkey skeleton (D:4)
  8 adders
  A shadow imp (D:5)
  A white imp (D:5)
  A worm (D:3)
  2 dart slugs
  14 orcs
  6 ball pythons
  7 endoplasms
  A giant cockroach (D:1)
  5 goblins
  7 hobgoblins
  2 quokkas
  10 bats
  6 frilled lizards
  A goblin skeleton (D:4)
  A goblin zombie (D:4)
  9 kobolds
  2 kobold zombies (D:4)
  An orc skeleton (D:4)
  3 orc zombies (D:4)
  4 rats
110 creatures vanquished.

Vanquished Creatures (others)
  An orc wizard (D:4)
  3 fungi (D:2)
4 creatures vanquished.

Grand Total: 114 creatures vanquished

Notes
Turn   | Place    | Note
-------+----------+-------------------------------------------
     0 | D:1      | issech the Troll Fighter began the quest for the Orb.
     0 | D:1      | Reached XP level 1. HP: 22/22 MP: 0/0
   113 | D:1      | Reached skill level 2 in Maces & Flails
   113 | D:1      | Reached XP level 2. HP: 29/29 MP: 1/1
   246 | D:1      | Found a faded altar of an unknown god.
   491 | D:2      | Reached XP level 3. HP: 24/36 MP: 2/2
   735 | D:2      | Found a runed translucent door.
   736 | D:2      | Noticed Crazy Yiuf
   851 | D:2      | Noticed Jessica
   859 | D:2      | Killed Jessica
   860 | D:2      | Reached XP level 4. HP: 42/44 MP: 3/3
  1214 | D:2      | Killed Crazy Yiuf
  1410 | D:3      | Reached skill level 3 in Maces & Flails
  1472 | D:3      | Reached XP level 5. HP: 52/52 MP: 4/4
  2009 | D:4      | Found Cudit's Book Shop.
  2154 | D:4      | Reached XP level 6. HP: 57/61 MP: 5/5
  2175 | D:4      | Found a hide-covered altar of Uskayaw.
  2471 | D:4      | Reached skill level 4 in Maces & Flails
  2562 | D:4      | Found a glowing golden altar of the Shining One.
  3451 | D:5      | Entered Level 5 of the Dungeon
  3472 | D:5      | Found Doebotuz's Armour Shop.
  3552 | D:5      | Noticed an orc warrior
  3601 | D:4      | Killed an orc warrior
  3602 | D:4      | Reached XP level 7. HP: 29/67 MP: 6/6
  3817 | D:5      | Found an iron altar of Okawaru.
  3841 | D:5      | Became a worshipper of Warmaster Okawaru
  3868 | D:5      | Found a snail-covered altar of Cheibriados.
  4091 | D:5      | Noticed Menkaure
  4097 | D:5      | Killed Menkaure
  4098 | D:5      | Reached skill level 5 in Maces & Flails
  4227 | D:5      | Found a burning altar of Makhleb.
  4229 | D:5      | Noticed a balrug
  4289 | D:5      | Found a runed translucent gate.
  4290 | D:5      | Found a runed translucent gate.
  4290 | D:5      | Noticed Hubris850's ghost (novice MiHu)
  4291 | D:5      | Found a runed translucent gate.
  4353 | D:5      | Reached skill level 1 in Throwing
  5069 | D:4      | HP: 1/67 [poisoned by Hubris850's ghost]
  5070 | D:4      | Succumbed to Hubris850's ghost's poison

Illustrated notes

Levels and vault maps discovered:
D:1:      lightli_arrival_windingriver, layout_rooms, basic_ecumenical_altar
D:2:      layout_rooms, serial_rivers, chequers_serial_rivers_room_b,
          chequers_serial_rivers_micro_a, chequers_serial_rivers_micro_b,
          chequers_serial_rivers_large_b, chequers_serial_rivers_small_3,
          st_stairs_12, uniq_jessica, uniq_crazy_yiuf_cottage
D:3:      layout_loops_cross
D:4:      layout_layer_cave, nicolae_tso_besieged_by_evil, marbit_many_paths,
          serial_shops, shop
D:5:      layout_gridville, slow_altar_2, okawaru_altar_gauntlet_db,
          makhleb_altar_promises_db, biasface_ghost_orc_armoury, serial_shops,
          nicolae_square_shop, minmay_between, uniq_menkaure

Skill      XL: |  1  2  3  4  5  6  7 |
---------------+----------------------+-----
Maces & Flails | 2 3 4 5 |  5.1
Dodging        | 3 4 |  4.4
Shields        | 3 4 |  4.3
Fighting       | 3 |  3.6
Throwing       | 1 |  1.3
Stealth        | |  0.5

Action                   |  1- 3 |  4- 6 |  7- 9 || total
-------------------------+-------+-------+-------++-------
Melee: Flail             |   123 |     9 |       ||   132
       Mace              |       |   246 |   142 ||   388
       Dagger            |       |       |    31 ||    31
Throw: Boomerang         |       |       |    17 ||    17
       Throwing net      |       |       |     1 ||     1
  Use: Scroll            |       |    11 |       ||    11
       Potion            |       |       |     1 ||     1
Armor: Robe              |    70 |   103 |   104 ||   277
Dodge: Dodged            |    53 |   121 |    68 ||   242
Block: Kite shield       |    78 |    99 |    82 ||   259

Table legend: (Time is in decaauts)
 A = Elapsed time spent in this place.
 B = Non-inter-level travel time spent in this place.
 C = Inter-level travel time spent in this place.
 D = Time resting spent in this place.
 E = Time spent auto-exploring this place.
 F = Levels seen in this place.
 G = Mean time per level.
                   A        B        C        D        E       F      G
               +--------+--------+--------+--------+--------+-----+--------+
         Total |   5293 |   5228 |     65 |    118 |   2399 |   5 | 1058.6 |
       Dungeon |   5293 |   5228 |     65 |    118 |   2399 |   5 | 1058.6 |
               +--------+--------+--------+--------+--------+-----+--------+

Top non-repeatable levels by time:
     D:4: 2004 daAuts
     D:5: 1148 daAuts
     D:2: 998 daAuts
     D:3: 665 daAuts
     D:1: 477 daAuts
